 Dungeon Crawl Stone Soup version 0.28.0 (webtiles) character file.

Game seed: 5721964518592364689

1328 Jerry the Covered (level 8, -2/99 HPs)
             Began as a Demigod Fighter on Feb 9, 2022.
             Slain by a vampire mosquito (4 damage)
             ... on level 5 of the Dungeon.
             The game lasted 00:12:28 (6660 turns).

Jerry the Covered (Demigod Fighter)                 Turns: 6660, Time: 00:12:28

Health: -2/99      AC: 24    Str: 25    XL:     8   Next: 12%
Magic:  10/10      EV:  2    Int: 10    God:
Gold:   177        SH:  5    Dex: 13    Spells: 7/7 levels left

rFire   . . .      SeeInvis +   n - +1 whip
rCold   . . .      Faith    .   c - +0 buckler
rNeg    . . .      Spirit   .   (armour currently unavailable)
rPois   +          Reflect  .   (helmet currently unavailable)
rElec   .          Harm     .   (cloak currently unavailable)
rCorr   .          Rampage  .   (gloves currently unavailable)
Will    .....      NoTele   +   (boots currently unavailable)
Stlth   +.........              (no amulet)
HPRegen 0.26/turn               q - ring of see invisible
MPRegen 0.12/turn               (no ring)

@: tree-form
A: stationary, stasis, torment immunity, boosted hp, high MP 1, forlorn, divine
attributes
a: no special abilities


You were on level 5 of the Dungeon.
You were a tree.
You visited 1 branch of the dungeon, and saw 5 of its levels.

You collected 177 gold pieces.

Inventory:

Hand Weapons
 a - a +0 flail
 n - a +1 whip (weapon)
Missiles
 y - 4 poisoned darts (quivered)
Armour
 b - a +1 scale mail (melded)
 c - a +0 buckler (worn)
 m - a +2 cloak of preservation (melded)
 v - a +1 pair of gloves (melded)
 x - an orb of guile
Jewellery
 q - a ring of see invisible (left branch)
 C - a ring of willpower
Wands
 d - a wand of iceblast (12)
 B - a wand of paralysis (9)
 E - a wand of polymorph (9)
 G - a wand of charming (7)
Scrolls
 e - a scroll of enchant weapon
 f - a scroll of enchant armour
 i - 5 scrolls of identify
 k - a scroll of fear
 p - a scroll of teleportation
 w - 2 scrolls of holy word
 D - a scroll of silence {unknown}
 F - a scroll of brand weapon {unknown}
Potions
 g - 3 potions of magic
 h - 2 potions of attraction
 j - a potion of lignification
 l - 2 potions of ambrosia
 r - 2 potions of brilliance {unknown}
 s - a potion of heal wounds {unknown}
 t - a potion of resistance {unknown}
 u - 3 potions of mutation
 z - a potion of haste {unknown}
 A - a potion of invisibility {unknown}


   Skills:
 - Level 4.1 Fighting
 + Level 6.0 Maces & Flails
 + Level 6.3 Armour
 - Level 4.1 Shields


You had 7 spell levels left.
You didn't know any spells.
Your spell library was empty.

Dungeon Overview and Level Annotations

Branches:
Dungeon (5/15)             Temple (0/1) D:4

Shops:
D:2 [

Annotations:
D:3 2 transporters
D:4 1 runed translucent door, Crazy Yiuf


Innate Abilities, Weirdness & Mutations

You are a tree.
Your roots penetrate the ground, keeping you stationary.
You cannot be teleported.
You are immune to unholy pain and torment.
Your maximum health is greatly increased.
Your equipment is partially melded.
You have an increased reservoir of magic. (+10% MP)
You shall have no god before yourself.
Your divine heritage dramatically boosts your attributes as you level up.


Message History

The vampire mosquito bites you but does no damage. x2
You barely miss the vampire mosquito.
The vampire mosquito is heavily damaged.
The vampire mosquito bites you but does no damage. x2
You completely miss the vampire mosquito.
The vampire mosquito is heavily damaged.
You block the vampire mosquito's attack.
The vampire mosquito bites you but does no damage.
You barely miss the vampire mosquito.
The vampire mosquito is heavily damaged.
The vampire mosquito bites you but does no damage.
You miss the vampire mosquito.
The vampire mosquito is heavily damaged.
The vampire mosquito bites you.
* * * LOW HITPOINT WARNING * * *
The vampire mosquito draws strength from your injuries!
The vampire mosquito bites you but does no damage.
You hit the vampire mosquito but do no damage.
The vampire mosquito is heavily damaged.
The vampire mosquito bites you but does no damage. x2
You hit the vampire mosquito.
The vampire mosquito is severely damaged.
The vampire mosquito bites you but does no damage.
You hit the vampire mosquito.
The vampire mosquito is severely damaged.
The vampire mosquito bites you.
* * * LOW HITPOINT WARNING * * *
The vampire mosquito draws strength from your injuries!
The vampire mosquito bites you but does no damage.
You hit the vampire mosquito.
The vampire mosquito is severely damaged.
The vampire mosquito bites you but does no damage.
You whack the vampire mosquito!
You destroy the vampire mosquito!
The vampire mosquito bites you but does no damage.
Your Maces & Flails skill increases to level 6!
You hit the vampire mosquito.
The vampire mosquito is lightly damaged.
The vampire mosquito bites you.
You die...

#≈≈≈≈ ≈≈ .# ≈≈#≈ ≈# ..# .
≈≈≈ ≈ #..# .... ≈y#≈ #...#
### .....# ≈≈##≈...# ..#.#
.......##≈≈.....# #.#.#
.........Z......# ##.#.#
#....###.###+#+## ##.#.#
#.....♣yy.......#
.....#######...#####......#
...................>......#
##..............####......#
##...#......# #.####.#.#.##
##...#......###........# #
##.#.#...............###.#
##.#..........(..........#
...##.####.#...............


You could see 2 vampire mosquitoes.

Vanquished Creatures
  2 vampire mosquitoes (D:5)
  Menkaure (D:4)
  Duvessa (D:4)
  An ogre (D:4)
  A wyvern zombie (D:4)
  2 scorpions (D:4)
  Dowan (D:3)
  A bullfrog zombie (D:5)
  3 hounds
  An orc wizard (D:5)
  3 iguanas
  2 hound skeletons (D:4)
  12 gnolls
  8 adders
  2 ufetubi (D:4)
  An adder skeleton (D:4)
  2 worms
  4 dart slugs
  7 orcs
  5 endoplasms
  2 giant cockroaches (D:1)
  9 hobgoblins
  6 jackals
  7 kobolds
  3 quokkas (D:3)
  7 ball pythons
  4 bats (D:1)
  2 frilled lizards
  3 goblins
  6 rats
109 creatures vanquished.

Notes
Turn   | Place    | Note
-------+----------+-------------------------------------------
     0 | D:1      | Jerry the Demigod Fighter began the quest for the Orb.
     0 | D:1      | Reached XP level 1. HP: 18/18 MP: 3/3
   529 | D:1      | Reached XP level 2. HP: 25/25 MP: 4/4
  1263 | D:2      | Reached XP level 3. HP: 31/31 MP: 5/5
  1283 | D:2      | Found Dupsaif's Antique Armour Shop.
  1710 | D:2      | Reached XP level 4. HP: 36/38 MP: 6/6
  2595 | D:3      | Reached XP level 5. HP: 44/45 MP: 7/7
  2846 | D:3      | Found a transporter.
  2997 | D:3      | Found a transporter.
  3845 | D:3      | Reached XP level 6. HP: 52/52 MP: 8/8
  4216 | D:4      | Noticed Duvessa
  4216 | D:4      | Noticed Dowan
  4243 | D:4      | Killed Duvessa
  4515 | D:3      | Killed Dowan
  4516 | D:3      | Reached XP level 7. HP: 35/59 MP: 9/9
  4838 | D:4      | Noticed Menkaure
  4853 | D:4      | Killed Menkaure
  4854 | D:4      | Reached skill level 5 in Armour
  5218 | D:4      | Found a staircase to the Ecumenical Temple.
  5545 | D:4      | Found a runed translucent door.
  5546 | D:4      | Noticed Crazy Yiuf
  5629 | D:4      | Reached skill level 5 in Maces & Flails
  5958 | D:5      | Entered Level 5 of the Dungeon
  6630 | D:5      | Reached XP level 8. HP: 22/66 MP: 10/10
  6645 | D:5      | HP: 4/99 [vampire mosquito (6)]
  6657 | D:5      | HP: 1/99 [vampire mosquito (5)]
  6660 | D:5      | Slain by a vampire mosquito

Illustrated notes

Levels and vault maps discovered:
D:1:      minmay_arrival_split_and_join, layout_basic, minmay_pentomino_v4
D:2:      layout_basic, serial_shops, shop_fountains, mrwooster_statue_mirror,
          minmay_snake_closets
D:3:      gammafunk_steamed_eel, layout_basic
D:4:      layout_loops_corners, grunt_temple_overflow_cloverleaf,
          nicolae_vehumet_altar_sigil, minmay_temple_entry_statues_fountains,
          corexii_hall_statues_deadend, cheibrodos_gnoll_hut, uniq_duvessa,
          uniq_menkaure, uniq_crazy_yiuf_cottage
D:5:      layout_basic, grunt_temple_overflow_opulence,
          gammafunk_ghost_stat_death, minivault_4

Skill      XL: |  1  2  3  4  5  6  7  8 |
---------------+-------------------------+-----
Maces & Flails | 2 3 4 5 6 |  6.0
Fighting       | 3 4 |  4.1
Shields        | 3 4 |  4.1
Armour         | 3 4 6 |  6.3

Action                   |  1- 3 |  4- 6 |  7- 9 || total
-------------------------+-------+-------+-------++-------
Melee: Flail             |    63 |       |       ||    63
       Whip              |    53 |   297 |   231 ||   581
  Use: Scroll            |     6 |     5 |     3 ||    14
       Potion            |       |     1 |     3 ||     4
Armor: Scale mail        |    59 |   138 |    85 ||   282
       Skin              |       |       |    47 ||    47
Dodge: Dodged            |    47 |   110 |    88 ||   245
Block: Buckler           |    26 |    70 |    70 ||   166
